 Dungeon Crawl Stone Soup version 0.20.1-1-g8b1a95d (webtiles) character file.

65 McKennaii the Ruffian (level 3, 0/28 HPs)
             Began as a Draconian Transmuter on July 21, 2017.
             Slain by an adder (4 damage)
             ... on level 2 of the Dungeon.
             The game lasted 00:01:25 (1543 turns).

McKennaii the Ruffian (Draconian Transmuter)        Turns: 1543, Time: 00:01:26

Health: 0/28       AC:  5    Str: 10 (12) XL:     3   Next: 94%
Magic:  3/6        EV: 12    Int: 16 (19) God:
Gold:   63         SH:  0    Dex:  8 (11) Spells: 3/6 levels left

rFire    . . .     SeeInvis .     - Unarmed
rCold    . . .     Gourm    .   (no shield)
rNeg     . . .     Faith    .   (armour unavailable)
rPois    .         Spirit   .   (helmet restricted)
rElec    .         Reflect  .   (no cloak)
rCorr    .         Harm     .   (no gloves)
MR       .....                  (no boots)
Stlth    +.........             (no amulet)
Regen    0.1/turn               (no ring)
MPRegen  0.1/turn               (no ring)

@: brilliant, lethally poisoned (0 -> -4), hasted, very quick
A: unfitting armour, cold-blooded, AC +5
a: no special abilities


You were on level 2 of the Dungeon.
You were not hungry.

You visited 1 branch of the dungeon, and saw 2 of its levels.

You collected 63 gold pieces.

Inventory:

Missiles
 a - 22 arrows
Scrolls
 d - a scroll of remove curse {unknown}
 e - 2 scrolls of identify {unknown}
 f - 2 scrolls of amnesia {unknown}
 j - a scroll of teleportation {unknown}
Books
 b - a book of Changes

   Spells                             Type                      Level
   a - Beastly Appendage              Transmutation                1
   b - Sticks to Snakes               Transmutation                2
   c - Spider Form                    Transmutation/Poison         3
   d - Ice Form                       Ice/Transmutation            4
   e - Blade Hands                    Transmutation                5
Comestibles
 c - 3 bread rations
 h - a fruit


   Skills:
 + Level 1.2 Fighting
 + Level 2.2 Dodging
 + Level 0.4 Stealth
 + Level 4.0 Unarmed Combat
 + Level 2.3 Spellcasting
 * Level 2.2 Transmutations


You had 3 spell levels left.
You knew the following spells:

 Your Spells              Type           Power        Failure   Level  Hunger
a - Beastly Appendage     Tmut           ###...       1%          1    #......
b - Sticks to Snakes      Tmut           ###.....     1%          2    ###....


Dungeon Overview and Level Annotations

Branches:
Dungeon (2/15)

Altars:


Innate Abilities, Weirdness & Mutations

Your plain brown scales are hard. (AC +5)
You cannot fit into any form of body armour.
You are cold-blooded and may be slowed by cold attacks.


Message History

It was a potion of degeneration.
There was something very wrong with that liquid.
You feel weakened.
You feel dopey.
You feel clumsy.
* * * LOW HITPOINT WARNING * * *
You feel sick.
Your ball python bites the adder.
Your ball python grabs the adder.
Your ball python constricts the adder.
The goblin misses your ball python.
Your adder bites the adder.
The adder struggles to escape constriction.
Your ball python bites the adder.
Your ball python constricts the adder.
Your adder bites the adder.
The goblin hits your ball python. The adder barely misses your adder.
Your ball python bites the goblin.
Your ball python constricts the adder.
Your adder bites the adder.
The adder dies!
The goblin barely misses your ball python.
* * * LOW HITPOINT WARNING * * *
You feel sick.
You hit the adder but do no damage.
The adder is heavily wounded.
The adder bites you.
You die...

....# #...........# #.......)###
....# #...........# ###......###
....#######....#.#.### #.........
...)'†...('....+.....###......###
....#######....###.#..##.#.......
....#######....# #÷##.##.#.......
..........###### #.##.##.#.......
.######.#.########.†...#.#.......
. ##.#.g.S...S@#.....#.#.....#' .
##.#...######.#.......##+#..#. .
##g#..(.<...#########>.##.##.#.
.##.#.(.....### ##>## #...#.##.#.
.#g#..........##8...8##...#.##.#.
#.#...†...#)#.##.....##.....##.#.
.#......).#.#.#8.....8#.....##.#.
#.......).#+#.##.....##.....#..#.
#......##.....# ...8##..........


You could see an adder, a goblin and a friendly ball python.

Vanquished Creatures
  2 adders (D:2)
  A dart slug (D:1)
  2 leopard geckos
  A ball python (D:2)
  4 giant cockroaches
  2 goblins (D:1)
  3 hobgoblins
  3 jackals (D:2)
  4 bats
  5 frilled lizards
  7 kobolds
  4 rats
38 creatures vanquished.

Vanquished Creatures (collateral kills)
  An adder (D:2)
  A bat (D:2)
2 creatures vanquished.

Grand Total: 40 creatures vanquished

Notes
Turn   | Place    | Note
-------+----------+-------------------------------------------
     0 | D:1      | McKennaii the Draconian Transmuter began the quest for the Orb.
     0 | D:1      | Reached XP level 1. HP: 16/16 MP: 3/3
   121 | D:1      | Reached XP level 2. HP: 21/23 MP: 5/5
   125 | D:1      | Learned a level 2 spell: Sticks to Snakes
   673 | D:2      | Reached XP level 3. HP: 11/28 MP: 6/6
  1361 | D:2      | Reached skill level 4 in Unarmed Combat
  1543 | D:2      | Slain by an adder

Skill      XL: |  1  2  3 |
---------------+----------+-----
Dodging        | 2 |  2.2
Unarmed Combat | 4 |  4.0
Fighting       | |  1.2
Stealth        | |  0.4
Spellcasting   | |  2.3
Transmutations | |  2.2

Action                   || total
-------------------------++-------
Melee: Unarmed           ||   169
       Tailslap          ||    11
 Cast: Sticks to Snakes  ||     2
  Use: Potion            ||     3
  Eat: Chunk             ||     2
Armor: Skin              ||    61
Dodge: Dodged            ||   163
